 Dungeon Crawl Stone Soup version 0.30-a0-782-ge64f9170bb (webtiles) character file.

Game seed: 11965750771395850047

43565 sanka the Marksdemigod (level 13, -11/113 HPs)
             Began as a Demigod Hunter on Mar 1, 2023.
             Mangled by a vampire knight
             ... wielding a +0 great sword
              (16 damage)
             ... while paralysed by a vampire knight
             ... on level 1 of the Depths.
             The game lasted 00:31:05 (16643 turns).

sanka the Marksdemigod (Demigod Hunter)            Turns: 16643, Time: 00:31:05

Health: -11/113    AC: 14    Str: 12    XL:     13   Next: 54%
Magic:  16/16      EV:  2    Int: 11    God:
Gold:   977        SH:  0    Dex: 39    Spells: 9/12 levels left

rFire   . . .      SeeInvis .    a - +5 longbow (heavy)
rCold   . . .      Faith    .    (shield currently unavailable)
rNeg    . . .      Spirit   .    z - +3 leather armour
rPois   .          Reflect  .    M - +4 helmet "Joisk" {Dex+6}
rElec   .          Harm     .    J - +0 cloak
rCorr   .          Rampage  .    F - +0 pair of gloves
Will    +....                    B - +0 pair of boots
Stlth   +++                      (no amulet)
HPRegen 0.38/turn                f - +5 ring of evasion
MPRegen 0.15/turn                T - +5 ring of evasion

@: paralysed, studying Axes
A: high MP 1, forlorn, divine attributes
a: no special abilities


You were on level 1 of the Depths.
You visited 2 branches of the dungeon, and saw 16 of its levels.

You collected 1137 gold pieces.
You spent 160 gold pieces at shops.


Innate Abilities, Weirdness & Mutations

You have an increased reservoir of magic. (+10% MP)
You shall have no god before yourself.
Your divine heritage dramatically boosts your attributes as you level up.


   Skills:
 - Level 10.0 Fighting
 * Level 17.9 Ranged Weapons
 - Level 10.0 Dodging
 - Level 0.8 Stealth


You had 9 spell levels left.
You knew the following spells:

 Your Spells              Type           Power      Damage    Failure   Level
z - Portal Projectile     Hex/Tloc       0%         N/A       80%         3

Your spell library contained the following spells:

 Spells                   Type           Power      Damage    Failure   Level
 Kiss of Death            Conj/Necr      0%         2d5       41%         1
 Summon Small Mammal      Summ           0%         N/A       41%         1
 Cigotuvi's Dreadful Rot  Necr/Pois/Air  0%         N/A       56%         2
 Poisonous Vapours        Pois/Air       0%         N/A       56%         2
 Call Canine Familiar     Summ           0%         N/A       80%         3
 Confusing Touch          Hex            0%         N/A       80%         3
 Dazzling Flash           Conj/Hex       0%         N/A       80%         3
 Hailstorm                Conj/Ice       0%         3d3       80%         3
 Mephitic Cloud           Conj/Pois/Air  0%         N/A       80%         3
 Summon Guardian Golem    Hex/Summ       0%         N/A       80%         3
 Dispel Undead            Necr           0%         3d6       99%         4
 Ice Form                 Ice/Tmut       0%         N/A       99%         4
 Leda's Liquefaction      Hex/Erth       0%         N/A       99%         4
 Sticky Flame             Conj/Fire      0%         2d3       99%         4
 Agony                    Necr           0%         N/A       100%        5
 Silence                  Hex/Air        0%         N/A       100%        5
 Simulacrum               Ice/Necr       0%         N/A       100%        6
 Starburst                Conj/Fire      0%         6d3       100%        6

Inventory:

Hand Weapons
 a - a +5 heavy longbow (weapon)
 l - a +4 scimitar of flaming
 v - the +0 shortbow of Brutal Revenge {flame, *Slow rElec rC+ Int+2}

   Int:       It affects your intelligence (+2).
   rC:        It protects you from cold.
   rElec:     It insulates you from electricity.
   *Slow:     It may slow you when you take damage.
 W - a +0 longbow of flaming
 Y - the +8 spear of Might {antimagic, rPois rF+ Int+4 Dex+5}

   Int:       It affects your intelligence (+4).
   Dex:       It affects your dexterity (+5).
   rF:        It protects you from fire.
   rPois:     It protects you from poison.
Missiles
 L - 6 curare-tipped darts {=f}
Armour
 z - a +3 leather armour (worn)
 B - a +0 pair of boots (worn)
 F - a +0 pair of gloves (worn)
 J - a +0 cloak (worn)
 M - the +4 helmet "Joisk" (worn) {Dex+6}

   Dex:       It affects your dexterity (+6).
 Z - a scarf of shadows
Magical Staves
 O - a staff of poison
Jewellery
 d - a ring of positive energy
 f - a +5 ring of evasion (left hand)
 y - a ring of protection from cold
 G - a ring of see invisible
 R - a ring of ice
 T - a +5 ring of evasion (right hand)
Wands
 t - a wand of digging (4)
 I - a wand of acid (10)
 N - a wand of mindburst (10)
 Q - a wand of flame (30)
 U - a wand of roots (11)
 X - a wand of paralysis (7)
Scrolls
 b - 5 scrolls of immolation {!r}
 c - 3 scrolls of fog
 e - a scroll of torment {!r}
 g - 2 scrolls of enchant armour
 i - a scroll of silence {unknown}
 m - 3 scrolls of noise {!r}
 o - 4 scrolls of teleportation {@r4}
 w - 2 scrolls of vulnerability {!r}
 C - 5 scrolls of magic mapping
 H - 4 scrolls of fear
 K - 3 scrolls of blinking
 P - 5 scrolls of poison {!r}
Potions
 h - 7 potions of curing {@q1}
 j - 2 potions of lignification {!q}
 k - a potion of berserk rage {!q}
 n - 7 potions of heal wounds {@q2}
 p - a potion of degeneration {unknown}
 q - 2 potions of haste {@q3}
 r - 2 potions of cancellation
 s - 2 potions of brilliance
 u - 3 potions of flight
 x - 3 potions of attraction {!q}
 A - 3 potions of might
 D - 3 potions of invisibility
 E - a potion of magic
 S - a potion of ambrosia {unknown}
Miscellaneous
 V - a phantom mirror

Dungeon Overview and Level Annotations

Branches:
Dungeon (15/15)            Temple (0/1) D:4            Lair (0/5) D:9
    Orc (0/2) D:12         Vaults (0/5) D:13         Depths (1/4) D:15

Shops:
D:10 [   D:12 :

Annotations:
D:14 Sauxt's ghost, journeyman GrEE
Depths:1 1 runed translucent door

▒▒▒▒.......▒ .....
...▒.......▒ .▒.▒▒▒▒
PP.▒.......▒ .....▒
~P.'▒▒▒▒▒▒▒▒ ▒....▒▒▒▒▒
~P.........▒ ▒..▒......
≈P.........+ ▒....▒
~P.........▒ ▒▒▒..▒▒▒
~P.........▒ ▒.V.▒▒
~P.........▒ ▒p▒▒▒
PP.........▒▒▒▒▒.▒
PP.........▒.....▒▒▒▒
PP...^.....▒............
...........'.▒▒▒▒▒▒▒▒▒▒▒
...........▒▒▒
▒▒▒▒▒▒▒▒▒▒▒▒


You could see a vampire knight (fast).


Message History

The vampire knight draws strength from your injuries!
You shoot an arrow. The arrow hits the vampire knight!!
The vampire knight is moderately damaged.
The vampire knight barely misses you.
The vampire knight completely misses you.
The vampire knight completely misses you.
The vampire knight closely misses you.
You shoot an arrow. The arrow hits the vampire knight!!
The vampire knight is severely damaged.
The vampire knight barely misses you.
The vampire knight completely misses you.
The vampire knight draws life force from you!!
The vampire knight is healed by the life force!
You shoot an arrow. The arrow hits the vampire knight!
The vampire knight is heavily damaged.
The vampire knight points at you and mumbles some strange words.
You suddenly lose the ability to move!
The vampire knight hits you with a +0 great sword!!
* * * LOW HITPOINT WARNING * * *
The vampire knight bites you but does no damage.
The vampire knight hits you with a +0 great sword!!
* * * LOW HITPOINT WARNING * * *
The vampire knight bites you!
* * * LOW HITPOINT WARNING * * *
The vampire knight draws strength from your injuries!
The vampire knight hits you with a +0 great sword!
You die...

Action                     |  1- 3 |  4- 6 |  7- 9 | 10-12 | 13-15 || total
---------------------------+-------+-------+-------+-------+-------++-------
   Fire: Shortbow          |    88 |   151 |   437 |   226 |       ||   902
         Longbow           |       |       |       |   285 |   146 ||   431
  Evoke: Phantom mirror    |       |       |       |       |     2 ||     2
    Use: Potion            |       |     2 |       |     1 |     1 ||     4
         Scroll            |       |       |    11 |    20 |     3 ||    34
 Armour: Leather armour    |    18 |    11 |    33 |    82 |    15 ||   159
  Dodge: Dodged            |    65 |    71 |   163 |   461 |   104 ||   864

Levels and vault maps discovered:
D:1:      dpeg_arrival_three_same_balls, layout_loops_ring
D:2:      layout_rooms, basic_altar, uniq_crazy_yiuf_cottage, uniq_sigmund
D:3:      minmay_angry_zag, layout_loops_ring, nicolae_ru_the_path_less_chosen,
          lightli_temple_of_fire, mainiacjoe_overflow_large_starburst,
          uniq_ijyb, uniq_grinder, uniq_natasha
D:4:      layout_basic, minmay_temple_entry_trees, minmay_crystal_room,
          st_stairs_11, minmay_snake_closets
D:5:      layout_layer_cave, serial_bayou, serial_bayou_lagoon_a,
          serial_bayou_shore_a, serial_bayou_lagoon_b, serial_bayou_lake_a,
          serial_bayou_pond_a, serial_bayou_pond_d, uniq_menkaure
D:6:      cheibrodos_two_vegetables, layout_cave_pods, good_gods_mini_temple,
          nicolae_hepliaklqana_hazy_memory, ashenzari_altar_1
D:7:      layout_cave_pools, gammafunk_ghost_grave
D:8:      layout_basic, old_standard_altar, minmay_bent
D:9:      layout_basic, grunt_gozag_statues,
          mainiacjoe_overflow_six_doors_small, led_sif_book,
          nicolae_dithmenos_shadow_blocks, doesnt_xom_only_xom,
          minmay_lair_entry_grove, serial_corexii_hall,
          chequers_hall_statues_wall_a, corexii_hall_statues_l, uniq_erica,
          uniq_pikel
D:10:     layout_irregular_city, serial_shops, kennysheep_little_box
D:11:     layout_basic, grunt_qazlal_sundering
D:12:     layout_stronghold, orc_0_dummy, serial_shops, shop, pond
D:13:     layout_roguey, skrybe_vaults_entry_preservation, hex_intersection
D:14:     layout_roguey, serial_undead, serial_undead_a, serial_undead_f,
          serial_undead_b, serial_undead_a, ebering_ghost_funeral_grove,
          chequers_serial_rivers_small_a
D:15:     grunt_enter_depths_snipers, layout_cave_pools, chequers_arboretum,
          st_stairs_1, uniq_azrael
Depths:1: layout_gridlike, enter_ziggurat_f, hell_entry, solitary_fountain,
          serial_curves, eino_curves_02, eino_curves_04, rand_demon_pan_entry_5,
          hangedman_abyss_or_decor_passed, minmay_misc_feat_diagonals,
          lightli_gold_pyramid

Notes
Turn   | Place    | Note
-------+----------+-------------------------------------------
     0 | D:1      | sanka the Demigod Hunter began the quest for the Orb.
     0 | D:1      | Reached XP level 1. HP: 17/17 MP: 3/3
    52 | D:1      | Reached skill level 2 in Fighting
   158 | D:1      | Reached XP level 2. HP: 25/25 MP: 4/4
   451 | D:1      | Reached skill level 3 in Fighting
   836 | D:2      | Noticed Sigmund
   974 | D:2      | Reached XP level 3. HP: 31/31 MP: 5/5
  1005 | D:2      | Killed Sigmund
  1006 | D:2      | Reached skill level 5 in Ranged Weapons
  1006 | D:2      | Reached XP level 4. HP: 40/40 MP: 6/6
  1006 | D:2      | Reached XP level 5. HP: 46/46 MP: 7/7
  1205 | D:2      | Found a runed translucent door.
  1206 | D:2      | Noticed Crazy Yiuf
  1256 | D:3      | Noticed Natasha
  1261 | D:3      | Killed Natasha
  1291 | D:3      | Identified the +1 falchion of the Morning {freeze, Fragile
                  | rF++ Str+3 SInv}
  1319 | D:3      | Reached skill level 4 in Fighting
  1500 | D:3      | Noticed Grinder
  1505 | D:3      | Paralysed by Grinder for 3 turns
  1544 | D:3      | Paralysed by Grinder for 2 turns
  1550 | D:3      | Paralysed by Grinder for 4 turns
  1555 | D:3      | Paralysed by Grinder for 5 turns
  1563 | D:3      | HP: 3/46 [Grinder (6)]
  1564 | D:3      | Killed Grinder
  1565 | D:3      | Reached skill level 6 in Ranged Weapons
  1565 | D:3      | Reached XP level 6. HP: 3/53 MP: 8/8
  2015 | D:3      | Noticed Natasha
  2018 | D:3      | Killed Natasha
  2149 | D:3      | Noticed Ijyb
  2164 | D:3      | HP: 4/53 [Ijyb/+3 dagger of venom (4)]
  2167 | D:3      | Killed Ijyb
  2362 | D:3      | Noticed Natasha
  2369 | D:3      | Killed Natasha
  2623 | D:4      | Reached XP level 7. HP: 60/60 MP: 9/9
  2680 | D:4      | Reached skill level 5 in Fighting
  2879 | D:4      | Identified the +0 shortbow of Brutal Revenge {flame, *Slow
                  | rElec rC+ Int+2}
  2919 | D:3      | Reached skill level 7 in Ranged Weapons
  3369 | D:4      | Found a staircase to the Ecumenical Temple.
  3572 | D:4      | Reached skill level 8 in Ranged Weapons
  3694 | D:4      | Reached XP level 8. HP: 70/70 MP: 10/10
  3881 | D:5      | Entered Level 5 of the Dungeon
  3978 | D:5      | Got Sif Muna's Compilation of the Summer
  4084 | D:5      | Reached skill level 6 in Fighting
  4187 | D:5      | Learned a level 3 spell: Portal Projectile
  4930 | D:5      | Noticed Menkaure
  4938 | D:5      | Killed Menkaure
  4939 | D:5      | Reached skill level 9 in Ranged Weapons
  5690 | D:6      | Reached skill level 7 in Fighting
  5729 | D:6      | Noticed a manticore
  5741 | D:6      | HP: 1/73 [manticore (11)]
  5742 | D:6      | Killed a manticore
  5743 | D:6      | Reached skill level 10 in Ranged Weapons
  5743 | D:6      | Reached skill level 2 in Dodging
  5743 | D:6      | Reached XP level 9. HP: 2/79 MP: 11/11
  6010 | D:6      | Reached skill level 3 in Dodging
  6483 | D:7      | Noticed zero's ghost (novice GrEE)
  6483 | D:7      | Found a runed translucent door.
  6504 | D:6      | Reached skill level 4 in Dodging
  6550 | D:6      | Reached skill level 8 in Fighting
  6708 | D:7      | Reached skill level 5 in Dodging
  7094 | D:8      | Reached skill level 6 in Dodging
  7665 | D:9      | Noticed Pikel
  7679 | D:9      | Killed Pikel
  7680 | D:9      | Reached skill level 7 in Dodging
  7680 | D:9      | Reached XP level 10. HP: 88/88 MP: 13/13
  7722 | D:9      | Identified a scroll of acquirement
  7723 | D:9      | Acquired the +4 helmet "Joisk" {Dex+6}
  7910 | D:9      | Noticed Erica
  7911 | D:9      | Reached skill level 8 in Dodging
  8144 | D:9      | Killed Erica
  8145 | D:9      | Reached skill level 11 in Ranged Weapons
  8264 | D:9      | Found a staircase to the Lair.
  8483 | D:10     | Entered Level 10 of the Dungeon
  8578 | D:10     | Noticed a two-headed ogre
  8584 | D:10     | Killed a two-headed ogre
  8748 | D:10     | Found Juseif's Antique Armour Shoppe.
  8811 | D:10     | Noticed a deep elf pyromancer
  8822 | D:10     | Killed a deep elf pyromancer
  8823 | D:10     | Reached skill level 12 in Ranged Weapons
  9262 | D:11     | Noticed a two-headed ogre
  9275 | D:11     | Killed a two-headed ogre
  9276 | D:11     | Reached XP level 11. HP: 94/94 MP: 14/14
  9563 | D:11     | Identified the +1 robe of Goeluolumm {rCorr Int-3 Stlth+}
 10361 | D:12     | Reached skill level 13 in Ranged Weapons
 10380 | D:12     | Noticed a sixfirhy
 10804 | D:12     | Found a staircase to the Orcish Mines.
 10916 | D:12     | Found Ofezef's Book Emporium.
 11242 | D:12     | Noticed an orc knight
 11247 | D:12     | Killed an orc knight
 11301 | D:12     | Noticed a boulder beetle
 11324 | D:12     | Killed a boulder beetle
 11712 | D:2      | Killed Crazy Yiuf
 11842 | D:7      | Killed zero's ghost
 12057 | D:13     | Noticed a two-headed ogre
 12061 | D:13     | Killed a two-headed ogre
 12062 | D:13     | Reached skill level 9 in Fighting
 12062 | D:13     | Reached skill level 14 in Ranged Weapons
 12062 | D:13     | Reached skill level 9 in Dodging
 12157 | D:13     | Noticed a centaur warrior
 12159 | D:13     | Killed a centaur warrior
 12184 | D:13     | Reached XP level 12. HP: 53/104 MP: 15/15
 12358 | D:13     | Found a gate to the Vaults.
 12358 | D:13     | Noticed an ironbound preserver
 12358 | D:13     | Noticed a centaur warrior
 12395 | D:12     | Killed an ironbound preserver
 12548 | D:13     | Killed a centaur warrior
 13174 | D:14     | Noticed a five-headed hydra
 13199 | D:14     | Killed a five-headed hydra
 13426 | D:14     | Reached skill level 15 in Ranged Weapons
 13439 | D:14     | Reached skill level 10 in Fighting
 13466 | D:14     | Reached skill level 10 in Dodging
 13469 | D:14     | Noticed a centaur warrior
 13484 | D:14     | Killed a centaur warrior
 13771 | D:14     | Noticed a centaur warrior
 13780 | D:14     | Killed a centaur warrior
 14241 | D:14     | Reached skill level 16 in Ranged Weapons
 14283 | D:14     | Found a runed translucent door.
 14288 | D:14     | Noticed Sauxt's ghost (journeyman GrEE)
 14288 | D:14     | Identified the +8 spear of Might {antimagic, rPois rF+
                  | Int+4 Dex+5}
 14519 | D:15     | Entered Level 15 of the Dungeon
 14527 | D:15     | Noticed a boulder beetle
 14532 | D:15     | Noticed a four-headed hydra
 14533 | D:15     | Noticed Azrael
 14543 | D:14     | Reached XP level 13. HP: 101/113 MP: 16/16
 14775 | D:15     | Noticed a stone giant
 14784 | D:15     | Killed a stone giant
 14792 | D:15     | Reached skill level 17 in Ranged Weapons
 14976 | D:15     | Found a staircase to the Depths.
 15010 | D:15     | Killed Azrael
 16166 | D:10     | Bought an embroidered scarf for 160 gold pieces
 16304 | Depths:1 | Entered Level 1 of the Depths
 16439 | Depths:1 | Found a runed translucent door.
 16443 | Depths:1 | Noticed a frost giant
 16446 | Depths:1 | Noticed a cyan very ugly thing
 16447 | Depths:1 | Noticed a lich
 16506 | Depths:1 | Identified the +6 trident of Eternity {heavy, rCorr Str+2
                  | Dex-3}
 16631 | Depths:1 | Noticed a vampire knight
 16633 | Depths:1 | Paralysed by a vampire knight for 4 turns
 16641 | Depths:1 | Paralysed by a vampire knight for 4 turns
 16642 | Depths:1 | HP: 5/113 [vampire knight/+0 great sword (8)]
 16643 | Depths:1 | Mangled by a vampire knight

Vanquished Creatures
  A stone giant (D:15)
  An ironbound preserver (D:12)
  Azrael (D:15)
  2 hydras
  A catoblepas (D:15)
  2 boulder beetles
  Erica (D:9)
  5 centaur warriors
  3 tengu warriors
  4 two-headed ogres
  2 skeletal warriors (D:14)
  Pikel (D:9)
  2 wolf spider zombies (D:14)
  A wizard (D:14)
  An orc knight (D:12)
  3 deep elf pyromancers
  The ghost of zero the Geomancer, a novice GrEE of Vehumet (D:7)
  5 manticores
  4 centaur zombies (D:14)
  6 cyclopes
  7 ugly things
  A black mamba (shapeshifter) (D:13)
  2 gargoyles
  4 kobold demonologists
  A freezing wraith (D:15)
  2 komodo dragons
  2 efreet (D:14)
  A tengu conjurer (Depths:1)
  2 trolls
  3 meliai
  A polar bear (D:14)
  Grinder (D:3)
  A hornet (D:14)
  A tarantella (shapeshifter) (D:15)
  A dream sheep (shapeshifter) (D:15)
  A meliai zombie (D:14)
  5 shadows
  2 vampires
  Sigmund (D:2)
  5 slime creatures (D:15)
  3 spriggans (D:14)
  5 yaks
  2 wraiths
  4 wyverns
  A water elemental (Depths:1)
  6 fire elementals (D:15)
  2 basilisks
  9 vampire mosquitoes
  Menkaure (D:5)
  An acid dragon (D:11)
  A hell hound (D:15)
  3 water moccasins
  2 hornet zombies (D:14)
  3 orc warriors
  A sky beast (D:6)
  An ice beast (D:6)
  5 boggarts
  An ogre (D:5)
  11 centaurs
  A lemure (D:9)
  2 kobold brigands
  3 necrophages
  2 bullfrogs
  7 scorpions
  6 wights
  10 killer bees
  6 electric eels (D:6)
  A howler monkey (D:7)
  A gnoll bouda (D:4)
  A hound (D:6)
  2 jellies
  5 orc priests
  Crazy Yiuf (D:2)
  6 iguanas
  Ijyb (D:3)
  14 orc wizards
  Natasha (thrice) (D:3)
  A boggart zombie (D:14)
  A boggart simulacrum (D:15)
  4 gnolls (D:4)
  10 adders
  3 shadow imps
  3 white imps
  3 ufetubi
  A worm (D:2)
  A dart slug (D:1)
  42 orcs
  8 endoplasms
  4 giant cockroaches
  A goblin (D:1)
  2 hobgoblins
  6 jackals
  22 kobolds
  A quokka (D:4)
  8 ball pythons
  A bat (D:2)
  2 frilled lizards (D:1)
  7 rats
356 creatures vanquished.

Vanquished Creatures (others)
  A meliai zombie (D:14)
  3 bushes (D:9)
  8 fungi
  36 plants
  3 withered plants
51 creatures vanquished.

Grand Total: 407 creatures vanquished
